 Dungeon Crawl Stone Soup version 0.30-a0-715-gdb4ae3ece1 (webtiles) character file.

Game seed: 2838416460955360268

256 IdlyInterested the Slasher (level 5, -2/38 HPs)
             Began as a Demonspawn Gladiator on Jan 24, 2023.
             Slain by a centaur (6 damage)
             ... on level 4 of the Dungeon.
             The game lasted 00:09:23 (3202 turns).

IdlyInterested the Slasher (Demonspawn Gladiator)   Turns: 3202, Time: 00:09:24

Health: -2/38      AC:  3    Str: 14    XL:     5   Next: 92%
Magic:  5/5        EV: 12    Int:  9    God:
Gold:   1          SH:  0    Dex: 17    Spells: 4/4 levels left

rFire   . . .      SeeInvis .    a - +0 long sword
rCold   . . .      Faith    .    (no shield)
rNeg    . . .      Spirit   .    b - +0 leather armour
rPois   .          Reflect  .    (helmet restricted)
rElec   .          Harm     .    (no cloak)
rCorr   .          Rampage  .    (no gloves)
Will    .....                    (no boots)
Stlth   ++                       (no amulet)
HPRegen 0.26/turn                (no ring)
MPRegen 0.09/turn                (no ring)

@: no status effects
A: horns 1, demonic guardian 2
a: no special abilities


You were on level 4 of the Dungeon.
You visited 1 branch of the dungeon, and saw 4 of its levels.

You collected 166 gold pieces.
You spent 165 gold pieces at shops.

Inventory:

Hand Weapons
 a - a +0 long sword (weapon)
 g - a +0 dagger of venom
 x - a +0 dagger of electrocution
Missiles
 d - 3 throwing nets
 e - 7 javelins
 f - 2 atropa-tipped darts
 l - 30 stones (quivered)
 n - 5 poisoned darts
 s - 9 curare-tipped darts
Armour
 b - a +0 leather armour (worn)
Jewellery
 h - a +6 ring of intelligence
Wands
 p - a wand of quicksilver (10)
Scrolls
 c - 3 scrolls of teleportation {unknown}
 j - a scroll of magic mapping
 q - a scroll of immolation
 r - a scroll of vulnerability {unknown}
 v - a scroll of amnesia {unknown}
 y - a scroll of brand weapon
Potions
 i - 3 potions of curing
 k - 2 potions of might
 m - a potion of lignification
 o - 2 potions of mutation
 t - a potion of cancellation {unknown}
 u - a potion of degeneration {unknown}
 w - a potion of haste {unknown}


   Skills:
 - Level 2.0 Fighting
 * Level 5.5 Long Blades
 - Level 1.7 Throwing
 - Level 2.0 Armour
 - Level 2.6 Dodging
 * Level 0.9 Stealth


You had 4 spell levels left.
You didn't know any spells.
Your spell library was empty.

Dungeon Overview and Level Annotations

Branches:
Dungeon (4/15)
 Temple: D:4-7

Altars:

Shops:
D:2 (**?[   D:3 [


Innate Abilities, Weirdness & Mutations

You have a pair of small horns on your head.
A demonic guardian rushes to your aid.


Message History

You start resting.
Your hellwing disappears in a puff of smoke!
You are no longer corroded.
Things that are here:
a +0 giant club; an ogre corpse
There is a stone staircase leading up here.
You start resting.
HP restored.
You climb upwards.
There is a stone staircase leading down here.
You see here a goblin skeleton.
There is a stone staircase leading down here.
You climb downwards.
There is a stone staircase leading up here.
The centaur wields a +0 shortbow.
The centaur shoots an arrow.
The arrow barely misses you.
The centaur shoots an arrow.
The arrow hits you!
The centaur shoots an arrow.
The arrow misses you.
The centaur shoots an arrow.
The arrow hits you.
The centaur shoots an arrow.
The arrow hits you.
You barely miss the centaur. Your headbutt misses the centaur.
The centaur unwields a +0 shortbow.
The centaur hits you. The centaur closely misses you.
You hit the centaur but do no damage. The centaur hits you.
* * * LOW HITPOINT WARNING * * *
The centaur closely misses you. The centaur barely misses you.
The centaur kicks you.
* * * LOW HITPOINT WARNING * * *
You hit the centaur.
You headbutt the centaur, but do no damage.
The centaur is lightly wounded.
The centaur hits you.
* * * LOW HITPOINT WARNING * * *
A demonic guardian appears!
The centaur kicks you but does no damage.
The centaur closely misses you. The centaur misses you.
You hit the centaur but do no damage. You headbutt the centaur.
The centaur is moderately wounded.
The centaur hits you.
You die...

.. .# .###.#######
## .##.....<..## ..
.###.####...##.#####
.###.# #...@c......
####.....##
#...##4#####
...).........#### #
..<......###.
#######.## #. # ##


You could see a centaur (ally target) and a friendly orange demon (summoned).

Vanquished Creatures
  An ogre (D:4)
  An orc priest (D:3)
  3 adders
  A gnoll (D:1)
  2 worms
  A dart slug (D:1)
  3 orcs (D:3)
  3 endoplasms
  11 goblins
  6 hobgoblins
  A quokka (D:3)
  6 ball pythons
  4 bats
  5 frilled lizards
  6 kobolds
  5 rats
59 creatures vanquished.

Vanquished Creatures (collateral kills)
  A jelly (D:4)
  A hobgoblin (D:1)
  A quokka (D:1)
  A bat (D:1)
  A goblin (D:1)
5 creatures vanquished.

Vanquished Creatures (others)
  2 demonic plants (D:2)
2 creatures vanquished.

Grand Total: 66 creatures vanquished

Notes
Turn   | Place    | Note
-------+----------+-------------------------------------------
     0 | D:1      | IdlyInterested the Demonspawn Gladiator began the quest for
                  | the Orb.
     0 | D:1      | Reached XP level 1. HP: 16/16 MP: 1/1
    57 | D:1      | Reached skill level 3 in Long Blades
    57 | D:1      | Gained mutation: A weak demonic guardian rushes to your
                  | aid. [demonic ancestry]
    57 | D:1      | Reached XP level 2. HP: 15/22 MP: 2/2
   595 | D:1      | Discovered your monstrous ancestry.
   595 | D:1      | Gained mutation: You have a pair of small horns on your
                  | head. [demonic ancestry]
   595 | D:1      | Reached XP level 3. HP: 25/27 MP: 3/3
   818 | D:1      | Reached skill level 1 in Armour
  1308 | D:2      | Found Xewezucu's Magic Scroll Shoppe.
  1365 | D:2      | Found Wanu's General Store.
  1366 | D:2      | Found Lyoss's Assorted Antiques.
  1596 | D:2      | Reached skill level 4 in Long Blades
  1623 | D:2      | Reached XP level 4. HP: 29/33 MP: 4/4
  1720 | D:2      | Found Istaukh's Armour Boutique.
  1778 | D:2      | Found Umonnevyi's Antique Weapon Shop.
  1878 | D:2      | Found a faded altar of an unknown god.
  1878 | D:2      | Noticed a sun demon
  1958 | D:2      | Bought a scroll labelled FIYSME LUGIHUKK for 17 gold pieces
  1958 | D:2      | Bought a glowing amethyst potion for 15 gold pieces
  2334 | D:3      | Found Wokhli's Armour Emporium.
  2668 | D:3      | Gained mutation: A demonic guardian rushes to your aid.
                  | [demonic ancestry]
  2668 | D:3      | Reached XP level 5. HP: 21/38 MP: 5/5
  3010 | D:2      | Bought a scroll of brand weapon for 133 gold pieces
  3031 | D:4      | Noticed an ogre
  3039 | D:4      | Killed an ogre
  3040 | D:4      | Reached skill level 5 in Long Blades
  3194 | D:4      | Noticed a centaur
  3202 | D:4      | Slain by a centaur

Illustrated notes

Levels and vault maps discovered:
D:1:      erik_arrival_cave_to_civilisation [erik_arrival_cave_to_hall],
          layout_basic
D:2:      layout_loops_ring, serial_shops, shop, nicolae_shop_trees, shop,
          shop_statue, nicolae_shop_stone,
          dreamdust_ecumenical_altar_sealed_demon
D:3:      layout_loops_ring, serial_shops, nicolae_shop_statue_plus
D:4:      layout_loops_ring, mainiacjoe_overflow_small_starburst,
          kennysheep_little_box, uniq_eustachio, uniq_robin, uniq_natasha

Skill      XL: |  1  2  3  4  5 |
---------------+----------------+-----
Long Blades    | 3 4 5 |  5.5
Armour         | 1 2 |  2.0
Fighting       | |  2.0
Throwing       | |  1.7
Dodging        | |  2.6
Stealth        | |  0.9

Action                     |  1- 3 |  4- 6 || total
---------------------------+-------+-------++-------
  Melee: Long sword        |    95 |    76 ||   171
         Headbutt          |     4 |    18 ||    22
  Throw: Javelin           |       |     1 ||     1
         Stone             |       |     4 ||     4
         Dart              |       |     1 ||     1
    Use: Scroll            |     4 |     3 ||     7
   Stab: Sleeping          |       |     3 ||     3
 Armour: Leather armour    |    28 |    18 ||    46
  Dodge: Dodged            |    80 |    62 ||   142

Table legend: (Time is in decaauts)
 A = Elapsed time spent in this place.
 B = Non-inter-level travel time spent in this place.
 C = Inter-level travel time spent in this place.
 D = Time resting spent in this place.
 E = Time spent auto-exploring this place.
 F = Levels seen in this place.
 G = Mean time per level.
                   A        B        C        D        E       F      G
               +--------+--------+--------+--------+--------+-----+--------+
         Total |   3239 |   2736 |    503 |    500 |   1433 |   4 |  809.8 |
       Dungeon |   3239 |   2736 |    503 |    500 |   1433 |   4 |  809.8 |
               +--------+--------+--------+--------+--------+-----+--------+

Top non-repeatable levels by time:
     D:1: 1273 daAuts
     D:3: 954 daAuts
     D:2: 869 daAuts
     D:4: 142 daAuts
